 Dungeon Crawl Stone Soup version 0.31.0-11-ge490571c62 (webtiles) character file.

Game seed: 446902765836318445

3874 qw the Nimble (level 10, -4/49 HPs)
             Began as a Spriggan Hunter on Feb 4, 2024.
             Was a Believer of Okawaru.
             Slain by a yak (6 damage)
             ... on level 8 of the Dungeon.
             The game lasted 00:00:27 (5305 turns).

qw the Nimble (Spriggan Hunter)                     Turns: 5305, Time: 00:00:27

Health: -4/49      AC:  7    Str:  7    XL:     10   Next: 0%
Magic:  11/12      EV: 29    Int: 11    God:    Okawaru [**....]
Gold:   1175       SH:  0    Dex: 23    Spells: 9/9 levels left

rFire   . . .        e - +7 orcbow (heavy)
rCold   . . .        (shield currently unavailable)
rNeg    . . .        k - +1 robe {Will+}
rPois   .            (helmet restricted)
rElec   .            (no cloak)
rCorr   .            (gloves unavailable)
SInv    +            (boots unavailable)
Will    ++...        (no amulet)
Stlth   ++           j - +4 ring of protection
HPRegen 0.28/turn    (no ring)
MPRegen 0.13/turn

%: no passive effects
@: very quick
A: very small, no large weapons, unfitting armour, see invisible, speed 3
a: Renounce Religion, Heroism


You were on level 8 of the Dungeon.
You worshipped Okawaru.
Okawaru was pleased with you.
You visited 2 branches of the dungeon, and saw 9 of its levels.

You collected 1267 gold pieces.
You spent 92 gold pieces at shops.


Innate Abilities, Weirdness & Mutations

You are very small and have problems with some larger weapons.
You are too small for most types of armour.
You have supernaturally acute eyesight. (SInv)
You cover ground extremely quickly. (Speed+++)


   Skills:
 - Level 4.1 Fighting
 + Level 10.5 Ranged Weapons
 - Level 12.1 Dodging
 - Level 1.5 Stealth
 + Level 2.6 Invocations


You had 9 spell levels left.
You didn't know any spells.
Your spell library was empty.

Inventory:

Hand Weapons
 e - a +7 heavy orcbow (weapon)
Armour
 k - a +1 robe of willpower (worn)
Jewellery
 j - a +4 ring of protection (left hand)
Wands
 i - a wand of roots (10)
 r - a wand of acid (8)
Scrolls
 b - a scroll of brand weapon
 n - a scroll of teleportation
Potions
 a - a potion of enlightenment
 d - a potion of cancellation
 f - a potion of heal wounds
 g - 2 potions of mutation
 h - a potion of magic
 m - a potion of lignification {unknown}
 p - a potion of attraction {unknown}

Dungeon Overview and Level Annotations

Branches:
Dungeon (8/15)             Temple (1/1) D:4
   Lair: D:8-11

Altars:
Ashenzari
Dithmenos
Elyvilon
Fedhas
Gozag
Hepliaklqana
Kikubaaqudgha
Makhleb
Nemelex Xobeh
Okawaru
Qazlal
Ru
Sif Muna
Trog
Uskayaw
Xom
Yredelemnul
Zin
The Shining One

Shops:
D:3 [


Message History

The yak is heavily wounded.
You hear a bellow!
You shoot an arrow. The arrow barely misses the yak.
The arrow hits the yak!
You kill the yak!
Okawaru accepts your kill.
Your Invocations skill increases to level 2!
You shoot an arrow. The arrow barely misses the yak.
The arrow hits the yak!!
You kill the yak!
Okawaru accepts your kill. The yak barely misses you.
The yak completely misses you.
You shoot an arrow. The arrow hits the yak.
The yak is heavily wounded.
The yak completely misses you.
You shoot an arrow.
The arrow hits the yak but does no damage.
The yak is heavily wounded.
The yak gores you! The yak completely misses you.
You shoot an arrow. The arrow hits the yak!!
You kill the yak!
Okawaru accepts your kill. The steam dragon breathes steam at you.
The ball of steam misses you.
You have reached level 10!
You feel agile.
You shoot an arrow.
The arrow completely misses the steam dragon.
You are engulfed in a cloud of scalding steam.
The steam dragon completely misses you. The steam dragon misses you.
You shoot an arrow. The arrow hits the steam dragon.
The steam dragon is lightly wounded.
The steam dragon breathes steam at you. The ball of steam misses you.
You shoot an arrow. The arrow barely misses the yak.
The arrow hits the steam dragon.
The steam dragon is lightly wounded.
You are engulfed in a cloud of scalding steam.
You shoot an arrow. The arrow hits the yak!!
The yak is severely wounded.
You are engulfed in a cloud of scalding steam.
The yak gores you! The yak gores you.
You die...

.............#.........######..
.......................#........
.......................#.........
........#.........#..............
.......^..........#.............
.....<#.#)......................
......#..[.¤..#.#####........##
......#....¤..#.##............###
.....>#.>..¤¤...@YD.%............
......#.......#.##...............
.....[#......##..........D....##.
...............##..........D..# .
.......#.......##.............##.
................##+#####.#.#
......................
.....................Y.
...........######...


You could see a yak and a steam dragon (catching breath).

Vanquished Creatures
  A two-headed ogre (D:8)
  A hornet (D:7)
  4 yaks (D:8)
  2 water moccasins
  An ice beast (D:7)
  3 black bears
  2 centaurs
  2 ogres
  A phantom (D:5)
  A kobold brigand (D:7)
  A weeping skull (D:7)
  A bullfrog (D:7)
  2 scorpions
  6 wights
  A howler monkey (D:5)
  4 orc priests
  6 hounds
  A bombardier beetle (D:5)
  2 gnoll boudas
  A sleepcap (D:7)
  An iguana (D:6)
  4 orc wizards
  6 adders
  11 gnolls
  A shadow imp (D:4)
  5 white imps
  6 ufetubi
  5 dart slugs
  18 orcs
  8 ball pythons
  4 endoplasms
  3 giant cockroaches
  16 goblins
  8 hobgoblins
  13 kobolds
  3 quokkas
  6 bats
  2 frilled lizards
  3 rats
  A spectral orc (D:7)
167 creatures vanquished.

Notes
Turn   | Place    | Note
-------+----------+-------------------------------------------
     0 | D:1      | qw the Spriggan Hunter began the quest for the Orb.
     0 | D:1      | Reached XP level 1. HP: 10/10 MP: 2/2
     0 | D:1      | 0 ||| qw: Version: 0.3-a-160-g6735b56
     0 | D:1      | 0 ||| qw: Game counter: 5520
     0 | D:1      | 0 ||| qw: Melee chars always use a shield: true
     0 | D:1      | 0 ||| qw: God list: Okawaru
     0 | D:1      | 0 ||| qw: Allow faded altars: false
     0 | D:1      | 0 ||| qw: Do Orc after clearing Dungeon:15 true
     0 | D:1      | 0 ||| qw: Do second Lair branch before Depths: true
     0 | D:1      | 0 ||| qw: Lair rune preference: random
     0 | D:1      | 0 ||| qw: Goals: Normal
     0 | D:1      | 0 ||| PLANNING D:1-11
    50 | D:1      | Reached skill level 3 in Dodging
   108 | D:1      | Reached XP level 2. HP: 14/14 MP: 3/3
   145 | D:1      | Reached skill level 4 in Dodging
   310 | D:1      | Reached XP level 3. HP: 18/18 MP: 4/4
   682 | D:1      | 682 ||| READING 2 scrolls labelled CINADO WUBEAH.
   683 | D:1      | 683 ||| READING 2 scrolls labelled SOUCUKEIL.
   683 | D:1      | 683 ||| IDENTIFYING cyan potion
   684 | D:1      | 684 ||| READING scroll of identify.
   684 | D:1      | 684 ||| IDENTIFYING metallic golden potion
   685 | D:1      | 685 ||| READING scroll labelled INWYOV LUEMAPN.
   786 | D:1      | 786 ||| READING scroll labelled QIUSUMM TEADD.
   786 | D:1      | Identified a scroll of acquirement
   786 | D:1      | 786 ||| ACQUIRING +5 orcbow of flaming
   786 | D:1      | Acquired a +5 orcbow of flaming
   788 | D:1      | 788 ||| SWAPPING to +5 orcbow of flaming.
   789 | D:1      | 789 ||| DROPPING +0 shortbow.
   790 | D:1      | 790 ||| READING scroll labelled VUFIZX COICUL.
   794 | D:1      | 794 ||| DROPPING scroll of butterflies.
   795 | D:1      | 795 ||| DROPPING scroll of amnesia.
   846 | D:2      | HP: 4/18 [poisoned by an adder]
  1123 | D:2      | Found a faded altar of an unknown god.
  1205 | D:2      | Reached XP level 4. HP: 22/22 MP: 5/5
  1449 | D:2      | 1449 ||| READING scroll labelled PEBBIR KEPEI.
  1450 | D:2      | 1450 ||| READING scroll labelled SYEMMONTOCEU.
  1787 | D:3      | Found Ystagra's Antique Armour Boutique.
  1794 | D:3      | 1794 ||| BUYING embroidered robe (92 gold).
  1794 | D:3      | Bought an embroidered robe for 92 gold pieces
  1794 | D:3      | 1794 ||| SHOPLISTING runed hat (175 gold, have 83).
  2176 | D:3      | 2176 ||| UPGRADING to +1 robe of willpower.
  2186 | D:3      | 2186 ||| DROPPING +0 robe.
  2187 | D:3      | 2187 ||| UPGRADING to +4 ring of protection.
  2188 | D:3      | 2188 ||| READING 2 scrolls labelled DOSIYHU FIGU.
  2188 | D:3      | 2188 ||| ENCHANTING +5 orcbow of flaming.
  2189 | D:3      | 2189 ||| READING scroll of enchant weapon.
  2189 | D:3      | 2189 ||| ENCHANTING +6 orcbow of flaming.
  2190 | D:3      | 2190 ||| READING scroll labelled EPEARE IMENK.
  2191 | D:3      | 2191 ||| READING scroll labelled CUEMIF BYSEL.
  2191 | D:3      | 2191 ||| BRANDING +7 orcbow of flaming.
  2193 | D:3      | 2193 ||| Stepping ~*~*~tactically~*~*~ (cloud).
  2387 | D:4      | Found a white marble altar of Elyvilon.
  2460 | D:4      | Found a staircase to the Ecumenical Temple.
  2461 | D:4      | 2461 ||| PLANNING TEMPLE
  2467 | Temple   | Entered the Ecumenical Temple
  2468 | Temple   | 2468 ||| PLANNING D:1-11
  2486 | D:4      | Reached skill level 5 in Dodging
  2490 | D:4      | Reached XP level 5. HP: 9/26 MP: 6/6
  2581 | D:4      | 2581 ||| FLEEEEING.
  2582 | D:4      | 2582 ||| FLEEEEING.
  2583 | D:4      | 2583 ||| FLEEEEING.
  2584 | D:4      | 2584 ||| FLEEEEING.
  2585 | D:4      | 2585 ||| FLEEEEING.
  2586 | D:4      | 2586 ||| FLEEEEING.
  2587 | D:4      | 2587 ||| FLEEEEING.
  2588 | D:4      | 2588 ||| FLEEEEING.
  2589 | D:4      | 2589 ||| FLEEEEING.
  2591 | D:4      | 2591 ||| FLEEEEING.
  2592 | D:4      | 2592 ||| FLEEEEING.
  2593 | D:4      | 2593 ||| FLEEEEING.
  2595 | D:4      | 2595 ||| FLEEEEING.
  2596 | D:4      | 2596 ||| FLEEEEING.
  2597 | D:4      | 2597 ||| FLEEEEING.
  2599 | D:4      | 2599 ||| FLEEEEING.
  2600 | D:4      | 2600 ||| FLEEEEING.
  2601 | D:4      | 2601 ||| FLEEEEING.
  2602 | D:4      | 2602 ||| FLEEEEING.
  2603 | D:4      | 2603 ||| FLEEEEING.
  2604 | D:4      | 2604 ||| FLEEEEING.
  2605 | D:4      | 2605 ||| FLEEEEING.
  2606 | D:4      | 2606 ||| FLEEEEING.
  2607 | D:4      | 2607 ||| FLEEEEING.
  2608 | D:4      | 2608 ||| FLEEEEING.
  2609 | D:4      | 2609 ||| FLEEEEING.
  2610 | D:4      | 2610 ||| FLEEEEING.
  2611 | D:4      | 2611 ||| FLEEEEING.
  2612 | D:4      | 2612 ||| FLEEEEING.
  2616 | D:4      | 2616 ||| FLEEEEING.
  2617 | D:4      | 2617 ||| FLEEEEING.
  2618 | D:4      | 2618 ||| STAIRDANCE
  2757 | D:4      | Reached skill level 6 in Ranged Weapons
  2953 | D:4      | Found a blossoming altar of Fedhas.
  2958 | D:4      | Reached XP level 6. HP: 30/30 MP: 7/7
  3047 | D:4      | 3047 ||| READING scroll labelled OPIDUU USTO.
  3103 | D:4      | 3103 ||| READING scroll labelled RYJOSU KUKH.
  3104 | D:4      | 3104 ||| DRINKING 2 yellow potions.
  3114 | D:5      | Entered Level 5 of the Dungeon
  3116 | D:5      | Reached skill level 6 in Dodging
  3166 | D:5      | 3166 ||| READING scroll of acquirement.
  3166 | D:5      | 3166 ||| ACQUIRING 905 gold pieces
  3166 | D:5      | Acquired 905 gold pieces
  3171 | D:5      | Reached XP level 7. HP: 35/35 MP: 8/8
  3176 | D:5      | Reached skill level 7 in Dodging
  3630 | D:6      | Reached XP level 8. HP: 30/39 MP: 9/9
  3635 | D:6      | Reached skill level 3 in Fighting
  3635 | D:6      | 3635 ||| FLEEEEING.
  3683 | D:6      | 3683 ||| STAIRDANCE
  3748 | D:6      | Reached skill level 8 in Dodging
  4144 | D:6      | Reached skill level 9 in Ranged Weapons
  4311 | D:6      | Reached skill level 9 in Dodging
  4390 | D:6      | 4390 ||| READING 2 scrolls of identify.
  4390 | D:6      | 4390 ||| IDENTIFYING metallic brown potion
  4391 | D:6      | 4391 ||| READING scroll of identify.
  4391 | D:6      | 4391 ||| IDENTIFYING purple potion
  4392 | D:6      | 4392 ||| READING scroll labelled SAYWNA VERAFUO.
  4393 | D:6      | 4393 ||| READING scroll labelled WYXZAR KAOL.
  4394 | D:6      | 4394 ||| DRINKING 2 viscous inky potions.
  4395 | D:6      | 4395 ||| DROPPING potion of brilliance.
  4745 | D:7      | Reached XP level 9. HP: 44/44 MP: 10/10
  4795 | D:7      | Found an iron altar of Okawaru.
  4796 | D:7      | 4796 ||| PLANNING OKAWARU WORSHIP
  4796 | D:7      | 4796 ||| READING scroll labelled JAATHR BECELUOZUHU.
  4803 | D:7      | Became a worshipper of Warmaster Okawaru
  4804 | D:7      | 4804 ||| PLANNING D:1-11
  4837 | D:7      | Reached skill level 10 in Dodging
  4934 | D:7      | Found a sacrificial altar of Ru.
  5162 | D:7      | Found a basalt altar of Yredelemnul.
  5181 | D:7      | 5181 ||| READING scroll of identify.
  5181 | D:7      | 5181 ||| IDENTIFYING smoky red potion
  5197 | D:8      | Noticed a two-headed ogre
  5198 | D:8      | 5198 ||| DRINKING potion of haste.
  5202 | D:8      | Killed a two-headed ogre
  5202 | D:8      | Reached * piety under Okawaru
  5202 | D:8      | Reached ** piety under Okawaru
  5203 | D:8      | Reached skill level 12 in Dodging
  5275 | D:8      | Reached skill level 1 in Invocations
  5277 | D:8      | 5277 ||| RETREEEEATING.
  5278 | D:8      | 5278 ||| RETREEEEATING.
  5280 | D:8      | 5280 ||| RETREEEEATING.
  5281 | D:8      | 5281 ||| RETREEEEATING.
  5282 | D:8      | 5282 ||| RETREEEEATING.
  5283 | D:8      | 5283 ||| RETREEEEATING.
  5284 | D:8      | 5284 ||| RETREEEEATING.
  5285 | D:8      | 5285 ||| RETREEEEATING.
  5287 | D:8      | 5287 ||| RETREEEEATING.
  5288 | D:8      | 5288 ||| RETREEEEATING.
  5289 | D:8      | 5289 ||| RETREEEEATING.
  5291 | D:8      | 5291 ||| RETREEEEATING.
  5292 | D:8      | 5292 ||| RETREEEEATING.
  5293 | D:8      | 5293 ||| RETREEEEATING.
  5294 | D:8      | 5294 ||| RETREEEEATING.
  5295 | D:8      | 5295 ||| RETREEEEATING.
  5302 | D:8      | Reached XP level 10. HP: 23/49 MP: 10/12
  5305 | D:8      | HP: 8/49 [steam dragon] (6)]
  5305 | D:8      | HP: 2/49 [yak (7)]
  5305 | D:8      | Slain by a yak

Levels and vault maps discovered:
D:1:      dpeg_arrival_arbitrary_b, layout_basic, minmay_tetromino_i4
D:2:      layout_loops_ring, dreamdust_ecumenical_altar_grove, minivault_11
D:3:      layout_loops_ring, serial_shops, nicolae_shop_tiny_statue_garden,
          kennysheep_small_spiral
D:4:      layout_cave_pools, mainiacjoe_overflow_paths,
          mainiacjoe_overflow_24_doors, minmay_temple_entry_ruins,
          serial_demonic, serial_demonic_e, serial_demonic_g, serial_demonic_c,
          serial_demonic_a, serial_demonic_f
D:5:      layout_cave_pools, minmay_ogre_servants
D:6:      layout_basic, nicolae_tricolors
D:7:      layout_basic, lemuel_coloured_pillars_altar,
          mainiacjoe_overflow_cross_hatched, yredelemnul_forgotten_temple_becter
D:8:      layout_basic, mainiacjoe_overflow_alcove_2, uniq_psyche
Temple:   eino_temple_water

Skill      XL: |  1  2  3  4  5  6  7  8  9 |
---------------+----------------------------+-----
Dodging        | 3 4 5 6 7 9 12 | 12.1
Ranged Weapons | 5 6 7 8 10 | 10.5
Fighting       | 2 3 4 |  4.1
Invocations    | 2 |  2.6
Stealth        | |  1.5

Action                     |  1- 3 |  4- 6 |  7- 9 | 10-12 || total
---------------------------+-------+-------+-------+-------++-------
   Fire: Shortbow          |    66 |       |       |       ||    66
         Orcbow            |    14 |    91 |   165 |     4 ||   274
    Use: Scroll            |     6 |     9 |     6 |       ||    21
         Potion            |       |     1 |     2 |       ||     3
 Armour: Robe              |     6 |    11 |    30 |     5 ||    52
  Dodge: Dodged            |    28 |    23 |    87 |     3 ||   141

Table legend:
 A = Non-vault XP
 B = Vault XP
 C = Vault XP percentage of total XP
 D = Non-vault monster count
 E = Vault monster count
 F = Vault count percentage of total count
                 A         B        C        D         E       F
            +---------+---------+-------+---------+---------+-------
      Total |    5246 |     289 |   5.2 |     146 |      21 |  12.6
            +---------+---------+-------+---------+---------+-------
        D:1 |      50 |       9 |  15.3 |      25 |       4 |  13.8
        D:2 |      38 |       0 |   0.0 |       8 |       0 |   0.0
        D:3 |      27 |       0 |   0.0 |      16 |       0 |   0.0
        D:4 |     268 |      60 |  18.3 |      21 |       6 |  22.2
        D:5 |     836 |     128 |  13.3 |      24 |       9 |  27.3
        D:6 |    1034 |       0 |   0.0 |      20 |       0 |   0.0
        D:7 |    1343 |      92 |   6.4 |      26 |       2 |   7.1
        D:8 |    1650 |       0 |   0.0 |       6 |       0 |   0.0
            +---------+---------+-------+---------+---------+-------
